TOP OF THE 1ST |
New York Yankees batting - Pitching for Toronto Blue Jays : RHP Tony Rios
|
Pitching: RHP Tony Rios
|
|
Batting: LHB Jordan de Jesus
|
0-0: Ball 1-0: Ball 2-0: Foul Ball, location: 2F 2-1: Ball 3-1: Foul Ball, location: 2F 3-2: Ground out U3 (Groundball, 3, EV 99.4 MPH)
|
Batting: RHB Adriaan Pieters
|
0-0: Ball 1-0: Ground out U3 (Groundball, 34S, EV 88.1 MPH)
|
Batting: SHB Bartholomeu Chambino
|
0-0: Foul Ball, location: 2F 0-1: Swinging Strike 0-2: Ball 1-2: Ball 2-2: DOUBLE (Flyball, 89XD, EV 95.0 MPH)
|
Batting: LHB Evan Torraville
|
0-0: Ball 1-0: Called Strike 1-1: Foul Ball, location: 2F 1-2: Strikes out looking
|
Top of the 1st over - 0 runs, 1 hit, 0 errors, 1 left on base; New York 0 - Toronto 0 |
BOTTOM OF THE 1ST |
Toronto Blue Jays batting - Pitching for New York Yankees : RHP John Brice
|
Pitching: RHP John Brice
|
|
Batting: SHB Mark Rennie
|
0-0: Ball 1-0: Bunt - Flyout to 15! F1
|
Batting: LHB Nate Dean
|
0-0: Swinging Strike 0-1: Swinging Strike 0-2: Ball 1-2: Ball 2-2: Foul Ball, location: 2F 2-2: Ball 3-2: Fly out, F8 (Flyball, 8RM, EV 89.4 MPH)
|
Batting: SHB Matt Altieri
|
0-0: Ball 1-0: Ball 2-0: Called Strike 2-1: Foul Ball, location: 2F 2-2: Ball 3-2: Fly out, F9 (Flyball, 89M, EV 91.9 MPH)
|
Bottom of the 1st over - 0 runs, 0 hits, 0 errors, 0 left on base; New York 0 - Toronto 0 |
TOP OF THE 2ND |
New York Yankees batting - Pitching for Toronto Blue Jays : RHP Tony Rios
|
Batting: RHB C.J. Richerson
|
0-0: SINGLE (Groundball, 6MD, EV 103.8 MPH)
|
Batting: LHB Jason Peck
|
0-0: Foul Ball, location: 2F 0-1: Ball 1-1: Foul Ball, location: 2F 1-2: Grounds into double play, 4-6-3 (Groundball, 34, EV 97.5 MPH)
|
Batting: RHB Geni Prawiranega
|
0-0: Called Strike 0-1: Ball 1-1: Ground out 6-3 (Groundball, 6, EV 80.6 MPH)
|
Top of the 2nd over - 0 runs, 1 hit, 0 errors, 0 left on base; New York 0 - Toronto 0 |
BOTTOM OF THE 2ND |
Toronto Blue Jays batting - Pitching for New York Yankees : RHP John Brice
|
Batting: LHB Willis Robles
|
0-0: Called Strike 0-1: Ball 1-1: Called Strike 1-2: Strikes out swinging
|
Batting: RHB David Casas
|
0-0: Foul Ball, location: 2F 0-1: Foul Ball, location: 2F 0-2: Foul Ball, location: 2F 0-2: Ball 1-2: Strikes out looking
|
Batting: RHB Ruben Velasco
|
0-0: Called Strike 0-1: Bunt for hit to P - play at first, batter safe!
|
Batting: RHB Sébastien Piat
|
0-0: Foul Ball, location: 2F 0-1: Swinging Strike 0-2: Foul Ball, location: 2F 0-2: Ball 1-2: Foul Ball, location: 2F 1-2: Foul Ball, location: 2F 1-2: Foul Ball, location: 2F 1-2: Ball 2-2: Strikes out swinging
|
Bottom of the 2nd over - 0 runs, 1 hit, 0 errors, 1 left on base; New York 0 - Toronto 0 |
TOP OF THE 3RD |
New York Yankees batting - Pitching for Toronto Blue Jays : RHP Tony Rios
|
Batting: LHB David Bramble
|
0-0: Ball 1-0: Ground out 1-3 (Groundball, 34S, EV 64.4 MPH)
|
Batting: LHB Yao-pang Tien
|
0-0: Fly out, F7 (Flyball, 78M, EV 90.0 MPH)
|
Batting: LHB Jordan de Jesus
|
0-0: Ball 1-0: Foul Ball, location: 2F 1-1: Foul Ball, location: 2F 1-2: Ball 2-2: Ground out 5-3 (Groundball, 56, EV 76.9 MPH)
|
Top of the 3rd over - 0 runs, 0 hits, 0 errors, 0 left on base; New York 0 - Toronto 0 |
BOTTOM OF THE 3RD |
Toronto Blue Jays batting - Pitching for New York Yankees : RHP John Brice
|
Batting: LHB Jon Schick
|
0-0: Ball 1-0: Foul Ball, location: 2F 1-1: Ball 2-1: Swinging Strike 2-2: Ball 3-2: SINGLE (Line Drive, 3D, EV 99.4 MPH)
|
Batting: RHB Kirk Arp
|
0-0: Called Strike 0-1: SINGLE (Groundball, 56D, EV 108.1 MPH) Jon Schick to second
|
Batting: SHB Mark Rennie
|
0-0: Ball 1-0: Ball 2-0: Ball 3-0: Base on Balls Jon Schick to third Kirk Arp to second
|
Batting: LHB Nate Dean
|
0-0: Called Strike 0-1: Hit by Pitch Jon Schick scores Kirk Arp to third Mark Rennie to second
|
Batting: SHB Matt Altieri
|
0-0: Foul Ball, location: 2F 0-1: Foul Ball, location: 2F 0-2: Foul Ball, location: 2F 0-2: Ball 1-2: Foul Ball, location: 2F 1-2: Ball 2-2: Foul Ball, location: 2F 2-2: Strikes out swinging
|
Batting: LHB Willis Robles
|
0-0: Ball 1-0: Ball 2-0: Ball 3-0: Called Strike 3-1: Base on Balls Kirk Arp scores Mark Rennie to third Nate Dean to second
|
Batting: RHB David Casas
|
0-0: Ball 1-0: Ball 2-0: Ball 3-0: Grounds into double play, 4-6-3 (Groundball, 4, EV 86.2 MPH)
|
Bottom of the 3rd over - 2 runs, 2 hits, 0 errors, 2 left on base; New York 0 - Toronto 2 |
TOP OF THE 4TH |
New York Yankees batting - Pitching for Toronto Blue Jays : RHP Tony Rios
|
Batting: RHB Adriaan Pieters
|
0-0: Ball 1-0: SINGLE (Groundball, 4D, EV 111.2 MPH)
|
Batting: SHB Bartholomeu Chambino
|
0-0: Ball 1-0: Called Strike 1-1: Ball 2-1: SINGLE (Line Drive, 34, EV 101.2 MPH) Adriaan Pieters to second
|
Batting: LHB Evan Torraville
|
0-0: Ball 1-0: Called Strike 1-1: Called Strike 1-2: Fielders Choice at 2nd, 1-6 (Groundball, 13S, EV 66.9 MPH) Adriaan Pieters to third
|
Batting: RHB C.J. Richerson
|
0-0: Ball 1-0: Ball Evan Torraville steals 2nd base 2-0: Swinging Strike 2-1: Ground out 6-3 (Groundball, 6, EV 105.6 MPH) Adriaan Pieters scores
|
Batting: LHB Jason Peck
|
0-0: Foul Ball, location: 2F 0-1: Foul Ball, location: 2F 0-2: Ball 1-2: Foul Ball, location: 2F 1-2: Ball 2-2: Ball 3-2: 2-RUN HOME RUN (Flyball, 78XD, EV 103.1 MPH), Distance : 405 ft
|
Batting: RHB Geni Prawiranega
|
0-0: SINGLE (Groundball, 6M, EV 83.1 MPH) (infield hit)
|
Batting: LHB David Bramble
|
0-0: Foul Ball, location: 2F 0-1: Fly out, F8 (Line Drive, 8RM, EV 90.0 MPH)
|
Top of the 4th over - 3 runs, 4 hits, 0 errors, 1 left on base; New York 3 - Toronto 2 |
BOTTOM OF THE 4TH |
Toronto Blue Jays batting - Pitching for New York Yankees : RHP John Brice
|
Batting: RHB Ruben Velasco
|
0-0: Ball 1-0: Swinging Strike 1-1: Ball 2-1: Called Strike 2-2: DOUBLE (Groundball, 3L, EV 103.1 MPH)
|
Batting: RHB Sébastien Piat
|
0-0: Called Strike 0-1: Ground out 4-3 (Groundball, 4, EV 75.6 MPH) Ruben Velasco to third
|
Batting: LHB Jon Schick
|
0-0: Foul Ball, location: 2F 0-1: Foul Ball, location: 2F 0-2: Strikes out looking
|
Batting: RHB Kirk Arp
|
0-0: Fly out, F8 (Flyball, 8RM, EV 88.1 MPH)
|
Bottom of the 4th over - 0 runs, 1 hit, 0 errors, 1 left on base; New York 3 - Toronto 2 |
TOP OF THE 5TH |
New York Yankees batting - Pitching for Toronto Blue Jays : RHP Tony Rios
|
Batting: LHB Yao-pang Tien
|
0-0: Foul Ball, location: 2F 0-1: Fly out, F3 (Line Drive, 3, EV 68.1 MPH)
|
Batting: LHB Jordan de Jesus
|
0-0: Foul Ball, location: 2F 0-1: Ball 1-1: Foul Ball, location: 2F 1-2: Strikes out swinging
|
Batting: RHB Adriaan Pieters
|
0-0: Ball 1-0: SINGLE (Line Drive, 56D, EV 97.5 MPH)
|
Batting: SHB Bartholomeu Chambino
|
0-0: Called Strike Pickoff Throw by Catcher to First - Out!
|
Top of the 5th over - 0 runs, 1 hit, 0 errors, 0 left on base; New York 3 - Toronto 2 |
BOTTOM OF THE 5TH |
Toronto Blue Jays batting - Pitching for New York Yankees : RHP John Brice
|
Batting: SHB Mark Rennie
|
0-0: Ball 1-0: Ball 2-0: Ball 3-0: Called Strike 3-1: Base on Balls
|
Batting: LHB Nate Dean
|
0-0: Fly out, F6 (Line Drive, 6, EV 74.4 MPH)
|
Batting: SHB Matt Altieri
|
0-0: Ball 1-0: Ball 2-0: Called Strike 2-1: Ball 3-1: SINGLE (Line Drive, 56D, EV 102.5 MPH) Mark Rennie to second
|
Batting: LHB Willis Robles
|
0-0: Ball 1-0: Ball 2-0: Fly out, F7 (Flyball, 7, EV 89.4 MPH)
|
Batting: RHB David Casas
|
0-0: Ball 1-0: SINGLE (Groundball, 6MD, EV 98.1 MPH) Mark Rennie to third Matt Altieri to second Runner from 3rd tries for Home, SAFE, throw by CF to home
|
Batting: RHB Ruben Velasco
|
0-0: Foul Ball, location: 2F 0-1: Ball 1-1: Called Strike 1-2: Strikes out looking
|
Bottom of the 5th over - 1 run, 2 hits, 0 errors, 2 left on base; New York 3 - Toronto 3 |
TOP OF THE 6TH |
New York Yankees batting - Pitching for Toronto Blue Jays : RHP Tony Rios
|
Batting: SHB Bartholomeu Chambino
|
0-0: Ball 1-0: Ground out 4-3 (Groundball, 4, EV 89.4 MPH)
|
Batting: LHB Evan Torraville
|
0-0: Ball 1-0: Ball 2-0: Foul Ball, location: 2F 2-1: Ground out U3 (Groundball, 3S, EV 76.9 MPH)
|
Batting: RHB C.J. Richerson
|
0-0: Swinging Strike 0-1: Called Strike 0-2: Ball 1-2: Ball 2-2: Foul Ball, location: 2F 2-2: Ball 3-2: Strikes out swinging
|
Top of the 6th over - 0 runs, 0 hits, 0 errors, 0 left on base; New York 3 - Toronto 3 |
BOTTOM OF THE 6TH |
Toronto Blue Jays batting - Pitching for New York Yankees : RHP John Brice
|
Batting: RHB Sébastien Piat
|
0-0: Called Strike 0-1: Foul Ball, location: 2F 0-2: Foul Ball, location: 2F 0-2: Strikes out looking
|
Pitching: RHP Chris McCoy
|
|
Batting: LHB Jon Schick
|
0-0: Ball 1-0: Ground out 4-3 (Groundball, 4, EV 81.9 MPH)
|
Pinch Hitting: LHB Bob Branham
|
0-0: Ball 1-0: Foul Ball, location: 2F 1-1: Fly out, F7 (Flyball, 7, EV 91.2 MPH)
|
Bottom of the 6th over - 0 runs, 0 hits, 0 errors, 0 left on base; New York 3 - Toronto 3 |
TOP OF THE 7TH |
New York Yankees batting - Pitching for Toronto Blue Jays : RHP Tony Rios
|
Now at 2B: Dylan Novakowski
|
|
Batting: LHB Jason Peck
|
0-0: Called Strike 0-1: Ball 1-1: Ball 2-1: Swinging Strike 2-2: Fly out, F8 (Flyball, 8RM, EV 89.4 MPH)
|
Batting: RHB Geni Prawiranega
|
0-0: Ball 1-0: Swinging Strike 1-1: Foul Ball, location: 2F 1-2: Strikes out swinging
|
Batting: LHB David Bramble
|
0-0: Foul Ball, location: 2F 0-1: DOUBLE (Line Drive, 7LD, EV 104.4 MPH)
|
Pitching: RHP Hoof Harted
|
|
Batting: LHB Yao-pang Tien
|
0-0: Ball 1-0: Called Strike 1-1: Called Strike 1-2: Foul Ball, location: 2F 1-2: Ball 2-2: Foul Ball, location: 2F 2-2: Foul Ball, location: 2F 2-2: Foul Ball, location: 2F 2-2: Strikes out swinging
|
Top of the 7th over - 0 runs, 1 hit, 0 errors, 1 left on base; New York 3 - Toronto 3 |
BOTTOM OF THE 7TH |
Toronto Blue Jays batting - Pitching for New York Yankees : RHP Chris McCoy
|
Batting: SHB Mark Rennie
|
0-0: Swinging Strike 0-1: Ball 1-1: Foul Ball, location: 2F 1-2: DOUBLE (Line Drive, 9LS, EV 95.0 MPH)
|
Batting: LHB Nate Dean
|
0-0: Swinging Strike 0-1: Ball 1-1: Foul Ball, location: 2F 1-2: Foul Ball, location: 2F 1-2: Strikes out looking
|
Batting: SHB Matt Altieri
|
0-0: Intentional Walk
|
Batting: LHB Willis Robles
|
0-0: Ball 1-0: Foul Ball, location: 2F 1-1: Ball 2-1: Ball 3-1: Foul Ball, location: 2F 3-2: Base on Balls Mark Rennie to third Matt Altieri to second
|
Pinch Hitting: LHB Michael Byrd
|
0-0: Ball 1-0: Ball 2-0: Ball 3-0: Base on Balls Mark Rennie scores Matt Altieri to third Willis Robles to second
|
Batting: RHB Ruben Velasco
|
0-0: Ball 1-0: Ball 2-0: Foul Ball, location: 2F 2-1: Foul Ball, location: 2F 2-2: GRAND SLAM HOME RUN (Flyball, 7D, EV 94.4 MPH), Distance : 365 ft
|
Pitching: RHP Leo Gonzales
|
|
Batting: RHB Sébastien Piat
|
0-0: Ball 1-0: Swinging Strike 1-1: Swinging Strike 1-2: Strikes out swinging
|
Batting: LHB Jon Schick
|
0-0: Swinging Strike 0-1: Ball 1-1: Ground out 6-3 (Groundball, 6S, EV 86.2 MPH)
|
Bottom of the 7th over - 5 runs, 2 hits, 0 errors, 0 left on base; New York 3 - Toronto 8 |
TOP OF THE 8TH |
New York Yankees batting - Pitching for Toronto Blue Jays : RHP Hoof Harted
|
Now at 1B: Jon Schick
|
|
Now in CF: Danny Burnside
|
|
Batting: LHB Jordan de Jesus
|
0-0: Ball 1-0: Swinging Strike 1-1: SINGLE (Groundball, 6MD, EV 101.2 MPH)
|
Batting: RHB Adriaan Pieters
|
0-0: Ball 1-0: Called Strike 1-1: Foul Ball, location: 2F 1-2: Ball 2-2: Grounds out, U3 (Groundball, 3L, EV 103.8 MPH)
|
Batting: SHB Bartholomeu Chambino
|
0-0: Called Strike 0-1: Ball 1-1: Swinging Strike 1-2: Strikes out swinging
|
Batting: LHB Evan Torraville
|
0-0: Ball 1-0: Foul Ball, location: 2F 1-1: Foul Ball, location: 2F 1-2: Foul Ball, location: 2F 1-2: Fly out, F8 (Flyball, 89D, EV 98.8 MPH)
|
Top of the 8th over - 0 runs, 1 hit, 0 errors, 1 left on base; New York 3 - Toronto 8 |
BOTTOM OF THE 8TH |
Toronto Blue Jays batting - Pitching for New York Yankees : RHP Leo Gonzales
|
Batting: SHB Dylan Novakowski
|
0-0: Called Strike 0-1: Ball 1-1: SINGLE (Line Drive, 5D, EV 94.4 MPH)
|
Batting: SHB Mark Rennie
|
0-0: Ball 1-0: Foul Ball, location: 2F 1-1: Ball 2-1: Ball 3-1: Foul Ball, location: 2F 3-2: Foul Ball, location: 2F 3-2: Fly out, F8 (Flyball, 8LD, EV 97.5 MPH)
|
Batting: LHB Nate Dean
|
0-0: Ball 1-0: Ball 2-0: Called Strike 2-1: Ball 3-1: Fly out, F8 (Flyball, 8LM, EV 81.9 MPH)
|
Batting: SHB Matt Altieri
|
0-0: Ball Dylan Novakowski steals 2nd base 1-0: 2-RUN HOME RUN (Flyball, 78XD, EV 101.9 MPH), Distance : 406 ft
|
Batting: LHB Willis Robles
|
0-0: SINGLE (Line Drive, 5D, EV 96.2 MPH)
|
Batting: RHB Danny Burnside
|
0-0: Called Strike 0-1: Ball 1-1: Foul Ball, location: 2F 1-2: Foul Ball, location: 2F 1-2: Ball 2-2: Ball 3-2: Foul Ball, location: 2F 3-2: Base on Balls Willis Robles to second
|
Batting: RHB Ruben Velasco
|
0-0: Called Strike 0-1: Ball 1-1: Ball 2-1: Foul Ball, location: 2F 2-2: Ball 3-2: Ground out 4-3 (Groundball, 4D, EV 104.4 MPH)
|
Bottom of the 8th over - 2 runs, 3 hits, 0 errors, 2 left on base; New York 3 - Toronto 10 |
TOP OF THE 9TH |
New York Yankees batting - Pitching for Toronto Blue Jays : RHP Hoof Harted
|
Batting: RHB C.J. Richerson
|
0-0: Ball 1-0: SINGLE (Groundball, 34D, EV 99.4 MPH)
|
Batting: LHB Jason Peck
|
0-0: Foul Ball, location: 2F 0-1: Foul Ball, location: 2F 0-2: Fielders Choice at 2nd, 6-4 (Groundball, 6, EV 86.2 MPH)
|
Batting: RHB Geni Prawiranega
|
0-0: Ball 1-0: Ball 2-0: Ball 3-0: Foul Ball, location: 2F 3-1: Called Strike 3-2: Foul Ball, location: 2F 3-2: Foul Ball, location: 2F 3-2: Strikes out swinging
|
Batting: LHB David Bramble
|
0-0: Called Strike 0-1: Ball 1-1: Swinging Strike 1-2: Foul Ball, location: 2F 1-2: Strikes out swinging
|
Top of the 9th over - 0 runs, 1 hit, 0 errors, 1 left on base; New York 3 - Toronto 10 |
|